 Dungeon Crawl Stone Soup version 0.24.0-123-gd5b16e6ec5 (webtiles) character file.

Game seed: 11498093929229593875, levelgen mode: deterministic

37 Bluestream the Cudgeler (level 3, -1/33 HPs)
             Began as a Minotaur Berserker on Feb 2, 2020.
             Was a Believer of Trog.
             Slain by a goblin
             ... wielding a +0 club
             ... led by Robin
              (3 damage)
             ... on level 2 of the Dungeon.
             The game lasted 00:01:22 (857 turns).

Bluestream the Cudgeler (Minotaur Berserker)         Turns: 857, Time: 00:01:23

Health: -1/33      AC:  2    Str: 22    XL:     3   Next: 23%
Magic:  2/2        EV: 12    Int:  4    God:    Trog [**....]
Gold:   41         SH:  0    Dex:  9    Spells: 2/2 levels left

rFire    . . .     SeeInvis +   a - +0 mace
rCold    . . .     Gourm    .   (no shield)
rNeg     . . .     Faith    .   b - +0 animal skin
rPois    .         Spirit   .   (helmet restricted)
rElec    .         Reflect  .   (no cloak)
rCorr    .         Harm     .   (no gloves)
MR       .....                  (no boots)
Stlth    +.........             (no amulet)
HPRegen  0.11/turn              h - ring of see invisible
MPRegen  0.08/turn              (no ring)

@: berserk cooldown, slowed, very slow
A: retaliatory headbutt, horns 2
a: Berserk, Trog's Hand, Renounce Religion


You were on level 2 of the Dungeon.
You worshipped Trog.
Trog was pleased with you.
You were hungry.

You visited 1 branch of the dungeon, and saw 2 of its levels.

You collected 41 gold pieces.

Inventory:

Hand Weapons
 a - a +0 mace (weapon)
Armour
 b - a +0 animal skin (worn)
Jewellery
 h - a ring of see invisible (left hand)
Scrolls
 f - a scroll of enchant weapon {unknown}
 g - a scroll of fear {unknown}
Potions
 d - a potion of berserk rage {unknown}
 e - a potion of might {unknown}
 i - a potion of resistance {unknown}
 k - a potion of degeneration {unknown}
Comestibles
 c - 3 rations
 j - a chunk of flesh


   Skills:
 * Level 4.2 Fighting
 * Level 4.3 Maces & Flails
 + Level 2.8 Armour
 + Level 2.5 Dodging


You had 2 spell levels left.
You didn't know any spells.
Your spell library was empty.

Dungeon Overview and Level Annotations

Branches:
Dungeon (2/15)

Altars:

Annotations:
D:2 Robin


Innate Abilities, Weirdness & Mutations

You reflexively headbutt those who attack you in melee.
You have a pair of horns on your head.


Message History

* * * LOW HITPOINT WARNING * * *
Robin roars a battlecry!
Robin throws the goblin at you!
* * * LOW HITPOINT WARNING * * *
The goblin no longer looks unusually strong.
The goblin closely misses you. You furiously retaliate!
You headbutt the goblin.
You kill the goblin!
Trog accepts your kill.
Robin roars a battlecry!
The goblin barely misses you. The goblin misses you.
You see here a stone.
The goblin hits you.
* * * LOW HITPOINT WARNING * * *
The hobgoblin closely misses you. Robin throws the goblin at you!
* * * LOW HITPOINT WARNING * * *
The goblin hits you with a +0 club.
You die...

#....###
#.#....## #
#.'g†.##
#.#....#+
###((g..##
#.'..g...##
#.#.gg....# .
#.#.......#..
#.#..@g......
#.#........##
#.+..........
###..÷....###
#............
#.###########
#. #


You could see Robin, a hobgoblin and 4 goblins.

Vanquished Creatures
  A dart slug (D:1)
  A leopard gecko (D:1)
  A giant cockroach (D:1)
  8 goblins
  6 hobgoblins
  2 jackals (D:2)
  3 kobolds (D:1)
  A bat (D:1)
  3 frilled lizards (D:1)
  5 rats (D:1)
31 creatures vanquished.

Notes
Turn   | Place    | Note
-------+----------+-------------------------------------------
     0 | D:1      | Bluestream the Minotaur Berserker began the quest for the
                  | Orb.
     0 | D:1      | Reached XP level 1. HP: 19/19 MP: 0/0
   130 | D:1      | Reached XP level 2. HP: 16/27 MP: 1/1
   682 | D:1      | Reached ** piety under Trog
   740 | D:2      | Reached XP level 3. HP: 24/33 MP: 2/2
   829 | D:2      | Noticed Robin
   856 | D:2      | HP: 1/33 [Robin/goblin (2)]
   857 | D:2      | Slain by a goblin

Levels and vault maps discovered:
D:1:      nicolae_arrival_memento_mori, layout_loops_ring,
          minmay_splitting_lines
D:2:      layout_basic, tso_metal_star, okawaru_ov_weapons_minmay, uniq_terence,
          uniq_robin

Skill      XL: |  1  2 |
---------------+-------+-----
Fighting       | 4 |  4.2
Maces & Flails | 4 |  4.3
Armour         | |  2.8
Dodging        | |  2.5

Action                   || total
-------------------------++-------
Melee: Mace              ||    56
       Headbutt          ||     3
Invok: Berserk           ||     2
  Eat: Chunk             ||     1
Armor: Animal skin       ||    11
Dodge: Dodged            ||    45
